Rampage vs Sharks

Created - Thursday, November 20, 2014 at 21:29

Goals
1 2 3 T
Rampage 0 0 1 1
Sharks 2 0 2 4
Shots
1 2 3 T
Rampage 4 7 6 17
Sharks 6 6 9 21

1st period

1. Sharks , Mark Barberio 9 (Mike Halmo, Wade Brookbank) at 6:51 (PP)
2. Sharks , Marek Hrivik 1 (Mark Barberio, Louis Leblanc) at 15:03

Penalties :
Mike Halmo (WOR) for Hooking (Minor) at 0:43, Calle Jarnkrok (SAN) for Hooking (Minor) at 5:41, Tom Kostopoulos (WOR) for Holding (Minor) at 17:54

2nd period

No Goal

Penalties :
Joey Mormina (WOR) for Holding Stick (Minor) at 5:46, Dominik Uher (WOR) for Slashing (Minor) at 9:51

3rd period

3. Sharks , Mark Barberio 10 (Mike Halmo) at 1:29
4. Sharks , Patrick McNeill 1 (Louis Leblanc) at 1:33
5. Rampage , Jesper Fast 6 (Adam Almquist, Keith Aulie) at 2:07

Penalties :
Michael Latta (WOR) for Fighting (Major) at 0:53, Andrey Pedan (SAN) for Fighting (Major) at 0:53

Goalie Stats

Matt Hackett (SAN), 5 saves from 5 shots - (1.000), 18:27 minutes
Mike Murphy (SAN), 12 saves from 16 shots - (0.750), L, 1-4-0, 41:33 minutes
Aaron Dell (WOR), 16 saves from 17 shots - (0.941), W, 4-5-2, 60:00 minutes

Players Stats for Rampage

Player Name              G  A  P  +/- PIM S  H  SB GA TA FO     MP     PP MP  PK MP  
------------------------------------------------------------------------------------
Adam Almquist            0  1  1  -1  0   2  2  3  1  3  0/0    28:43   3:55   0:25 
Andrei Loktionov         0  0  0  -1  0   1  0  0  1  4  4/10   14:23   0:00   0:00 
Andrey Pedan             0  0  0   0  5   1  0  1  0  1  0/0    20:00   0:00   0:45 
Calle Jarnkrok           0  0  0  -2  2   2  0  0  1  0  3/8    15:50   0:00   0:00 
Charles-Olivier Roussel  0  0  0  -2  0   0  1  2  0  1  0/0    25:21   4:01   0:45 
Eric Boulton             0  0  0   0  0   3  6  1  0  1  1/4    18:23   3:45   0:57 
Farm Player21            0  0  0   0  0   0  3  0  0  0  0/0    15:14   1:22   0:28 
Jesper Fast              1  0  1   0  0   4  2  0  5  0  0/1    21:26   4:11   0:00 
Johan Sundstrom          0  0  0   0  0   0  0  0  0  0  0/0     0:45   0:00   0:00 
John Persson             0  0  0   0  0   1  1  2  1  2  0/6    20:20   4:34   0:13 
Keith Aulie              0  1  1   0  0   0  0  2  1  1  0/0    26:16   3:45   0:25 
Martin Frk               0  0  0  -2  0   1  3  1  1  0  1/2    19:37   4:11   0:00 
Matt D'Agostini          0  0  0   0  0   0  2  0  0  0  1/4    22:16   3:45   0:26 
Matt Puempel             0  0  0  -1  0   1  2  0  6  2  0/0    21:42   2:10   0:16 
Mikael Samuelsson        0  0  0   0  0   0  1  1  1  1  2/5    14:59   0:00   0:00 
Nick Tuzzolino           0  0  0  -1  0   1  0  0  0  0  0/0     9:34   4:01   0:00 
Ryan Potulny             0  0  0   0  0   0  0  0  0  0  0/0     2:30   0:00   0:00 
Tim Miller               0  0  0   0  0   0  0  0  0  0  0/0     1:29   0:00   0:00 

Players Stats for Sharks

Player Name              G  A  P  +/- PIM S  H  SB GA TA FO     MP     PP MP  PK MP  
------------------------------------------------------------------------------------
Andy Andreoff            0  0  0   1  0   2  1  0  1  0  5/6    14:57   0:00   0:00 
Bobby Farnham            0  0  0   0  0   1  1  0  0  0  4/5    12:27   0:00   0:00 
Brendan Mikkelson        0  0  0   0  0   3  0  0  0  0  0/0     4:31   0:00   0:00 
Dominik Uher             0  0  0   1  2   0  0  0  0  1  11/15  20:36   0:39   3:31 
Eric Selleck             0  0  0   0  0   0  0  0  0  0  0/0     1:41   0:00   1:06 
Farm Player14            0  0  0   0  0   0  0  0  0  0  1/1    12:04   0:00   3:00 
Joey Mormina             0  0  0   1  2   0  0  3  0  0  0/0    26:27   0:39   2:57 
John Kurtz               0  0  0   0  0   0  0  0  0  0  0/0     0:00   0:00   0:00 
Louis Leblanc            0  2  2   1  0   1  3  1  2  1  3/6    20:11   0:31   0:00 
Marek Hrivik             1  0  1   1  0   2  1  0  1  1  0/1    16:23   0:31   1:58 
Mark Barberio            2  1  3   2  0   3  1  2  4  1  0/0    23:42   0:39   4:24 
Michael Latta            0  0  0   0  5   0  2  0  0  0  0/0    15:05   0:00   0:00 
Mike Halmo               0  2  2   1  2   2  4  1  4  0  1/3    18:25   0:39   1:01 
Patrick McNeill          1  0  1   0  0   2  0  3  0  0  0/0    23:11   0:31   3:32 
Ryan Hamilton            0  0  0   0  0   1  0  0  4  0  2/2    16:54   0:00   3:27 
Tom Kostopoulos          0  0  0   1  2   1  3  0  0  1  1/1    21:56   0:31   2:12 
Wade Brookbank           0  1  1   1  0   0  0  1  1  1  0/0    17:13   0:39   0:00 
Xavier Ouellet           0  0  0   0  0   3  1  2  3  3  0/0    26:16   0:31   4:36 

3 Stars

1 - Mark Barberio (WOR)
2 - Louis Leblanc (WOR)
3 - Mike Halmo (WOR)

Power Play

Rampage - 0 on 4 Attempt(s) - 0.00%
Sharks - 1 on 1 Attempt(s) - 100.00%

Penalty Kill

Rampage - 0 on 1 Attempt(s) - 0.00% - Score 0 goal in Penalty Kill
Sharks - 4 on 4 Attempt(s) - 100.00% - Score 0 goal in Penalty Kill

Official

Referees : Unknown
Linesman : Unknown

Game Notes

Michael Latta and Andrey Pedan fight to a draw at 0:53 of 3rd period
Matt Hackett enters game at 1:33 of 3rd period
2:07 of 3rd period - Rampage goal is going for a video replay. After video review, Goal.

Finance

Level 1 -- Attendance: 1411 (70.55%) -- Ticket Income $49,385
Level 2 -- Attendance: 706 (70.60%) -- Ticket Income $10,590
Total Attendance: 2117 (70.57%)
Total Ticket Income: $59,975
Other Income: $29,388
Total Income: $89,363

Rampage

5 vs 5 Forward 
   Center                   Left Wing                Right Wing               Time % Phy DF OF 
 1 Andrei Loktionov         Matt Puempel             Matt D'Agostini          35     1   2  2  
 2 Calle Jarnkrok           Jesper Fast              Martin Frk               30     1   2  2  
 3 Matt D'Agostini          Eric Boulton             Jesper Fast              22     1   2  2  
 4 Mikael Samuelsson        John Persson             Matt Puempel             13     1   2  2  

5 vs 5 Defense 
   Defense                  Defense                                           Time % Phy DF OF 
 1 Keith Aulie              Adam Almquist                                     35     1   2  2  
 2 Charles-Olivier Roussel  Andrey Pedan                                      30     1   2  2  
 3 Keith Aulie              Adam Almquist                                     22     1   2  2  
 4 Charles-Olivier Roussel  Adam Almquist                                     13     1   2  2  

PowerPlay Forward 
   Center                   Left Wing                Right Wing               Time % Phy DF OF 
 1 Matt D'Agostini          Matt Puempel             Eric Boulton             60     1   2  2  
 2 John Persson             Jesper Fast              Martin Frk               40     1   2  2  

PowerPlay Defense
   Defense                  Defense                                           Time % Phy DF OF 
 1 Keith Aulie              Adam Almquist                                     60     1   2  2  
 2 Charles-Olivier Roussel  Nick Tuzzolino                                    40     1   2  2  

Penalty Kill 4 Players Forward 
   Center                   Wing                     Time % Phy DF OF 
 1 Eric Boulton             Matt D'Agostini          60     1   2  2  
 2 Matt Puempel             Jesper Fast              40     1   2  2  

Penalty Kill 4 Players Defense
   Defense                  Defense                  Time % Phy DF OF 
 1 Keith Aulie              Adam Almquist            60     1   2  2  
 2 Charles-Olivier Roussel  Andrey Pedan             40     1   2  2  

Penalty Kill - 3 Players Forward 
   Forward                                           Time % Phy DF OF 
 1 Jesper Fast                                       60     1   2  2  
 2 Matt Puempel                                      40     1   2  2  

Penalty Kill - 3 Players Defense
   Defense                  Defense                  Time % Phy DF OF 
 1 Keith Aulie              Adam Almquist            60     1   2  2  
 2 Charles-Olivier Roussel  Farm Player21            40     1   2  2  

4 vs 4 Forward 
   Center                   Wing                     Time % Phy DF OF 
 1 Matt D'Agostini          Eric Boulton             60     1   2  2  
 2 Matt Puempel             Jesper Fast              40     1   2  2  

4 vs 4 Defense
   Defense                  Defense                  Time % Phy DF OF 
 1 Andrey Pedan             Adam Almquist            60     1   2  2  
 2 Charles-Olivier Roussel  Keith Aulie              40     1   2  2  

Last Minutes Offensive
   Center                   Left Wing                Right Wing               Defense                  Defense                  
   Andrei Loktionov         Matt Puempel             Matt D'Agostini          Keith Aulie              Adam Almquist            

Last Minutes Defensive
   Center                   Left Wing                Right Wing               Defense                  Defense                  
   Andrei Loktionov         Matt Puempel             Matt D'Agostini          Keith Aulie              Adam Almquist            

Goaltenders
Starting : Mike Murphy              
Backup : Matt Hackett             

Extra Forwards
Normal : Eric Boulton, John Persson, Matt Puempel - PP : Eric Boulton, John Persson - PK : Matt Puempel
Extra Defensemen
Normal : Charles-Olivier Roussel, Keith Aulie, Adam Almquist - PP : Adam Almquist - PK : Keith Aulie, Adam Almquist
Penalty Shots
John Persson, Matt D'Agostini, Matt Puempel, Jesper Fast, Eric Boulton

Sharks

5 vs 5 Forward 
   Center                   Left Wing                Right Wing               Time % Phy DF OF 
 1 Dominik Uher             Mike Halmo               Michael Latta            35     1   2  2  
 2 Louis Leblanc            Marek Hrivik             Tom Kostopoulos          30     1   2  2  
 3 Andy Andreoff            Tom Kostopoulos          Louis Leblanc            22     1   2  2  
 4 Bobby Farnham            Ryan Hamilton            Tom Kostopoulos          13     1   2  2  

5 vs 5 Defense 
   Defense                  Defense                                           Time % Phy DF OF 
 1 Mark Barberio            Joey Mormina                                      35     1   2  2  
 2 Xavier Ouellet           Patrick McNeill                                   30     1   2  2  
 3 Wade Brookbank           Joey Mormina                                      22     1   2  2  
 4 Xavier Ouellet           Patrick McNeill                                   13     1   2  2  

PowerPlay Forward 
   Center                   Left Wing                Right Wing               Time % Phy DF OF 
 1 Dominik Uher             Mike Halmo               Wade Brookbank           60     1   2  2  
 2 Louis Leblanc            Marek Hrivik             Tom Kostopoulos          40     1   2  2  

PowerPlay Defense
   Defense                  Defense                                           Time % Phy DF OF 
 1 Joey Mormina             Mark Barberio                                     60     1   2  2  
 2 Xavier Ouellet           Patrick McNeill                                   40     1   2  2  

Penalty Kill 4 Players Forward 
   Center                   Wing                     Time % Phy DF OF 
 1 Dominik Uher             Tom Kostopoulos          60     1   2  2  
 2 Mike Halmo               Marek Hrivik             40     1   2  2  

Penalty Kill 4 Players Defense
   Defense                  Defense                  Time % Phy DF OF 
 1 Mark Barberio            Joey Mormina             60     1   2  2  
 2 Xavier Ouellet           Patrick McNeill          40     1   2  2  

Penalty Kill - 3 Players Forward 
   Forward                                           Time % Phy DF OF 
 1 Mike Halmo                                        60     1   2  2  
 2 Tom Kostopoulos                                   40     1   2  2  

Penalty Kill - 3 Players Defense
   Defense                  Defense                  Time % Phy DF OF 
 1 Wade Brookbank           Mark Barberio            60     1   2  2  
 2 Xavier Ouellet           Patrick McNeill          40     1   2  2  

4 vs 4 Forward 
   Center                   Wing                     Time % Phy DF OF 
 1 Louis Leblanc            Tom Kostopoulos          60     1   2  2  
 2 Mike Halmo               Marek Hrivik             40     1   2  2  

4 vs 4 Defense
   Defense                  Defense                  Time % Phy DF OF 
 1 Joey Mormina             Wade Brookbank           60     1   2  2  
 2 Xavier Ouellet           Patrick McNeill          40     1   2  2  

Last Minutes Offensive
   Center                   Left Wing                Right Wing               Defense                  Defense                  
   Dominik Uher             Mike Halmo               Tom Kostopoulos          Mark Barberio            Xavier Ouellet           

Last Minutes Defensive
   Center                   Left Wing                Right Wing               Defense                  Defense                  
   Dominik Uher             Mike Halmo               Tom Kostopoulos          Mark Barberio            Xavier Ouellet           

Goaltenders
Starting : Aaron Dell               
Backup : Farm Player76            

Extra Forwards
Normal : Tom Kostopoulos, Andy Andreoff, Ryan Hamilton - PP : Tom Kostopoulos, Andy Andreoff - PK : Ryan Hamilton
Extra Defensemen
Normal : Wade Brookbank, Joey Mormina, Xavier Ouellet - PP : Wade Brookbank - PK : Joey Mormina, Xavier Ouellet
Penalty Shots
Dominik Uher, Tom Kostopoulos, Mike Halmo, Marek Hrivik, Andy Andreoff

% Time on Ice - Rampage

Lines # - Real PCT - Wanted PCT - Time Play
Normal Forward
1 - 30% - 35% - 15:17
2 - 32% - 30% - 16:18
3 - 10% - 22% - 5:05
4 - 28% - 13% - 14:14
Normal Defense
1 - 34% - 35% - 17:21
2 - 36% - 30% - 18:24
3 - 19% - 22% - 9:33
4 - 11% - 13% - 5:36
PP Forward
1 - 47% - 60% - 3:45
2 - 53% - 40% - 4:11
PP Defense
1 - 49% - 60% - 3:55
2 - 51% - 40% - 4:01
PK Forward
1 - 100% - 60% - 1:10
2 - 0% - 40% - 0:00
PK Defense
1 - 36% - 60% - 0:25
2 - 64% - 40% - 0:45
PK3 Forward
1 - 0% - 60%
2 - 0% - 40%
PK3 Defense
1 - 0% - 60%
2 - 0% - 40%
44 Forward
1 - 0% - 60%
2 - 0% - 40%
44 Defense
1 - 0% - 60%
2 - 0% - 40%
Last Minute Offensive  - 0:00
Last Minute Defensive  - 0:00
Total
Forward - 60:00
Defense - 60:00

% Time on Ice - Sharks

Lines # - Real PCT - Wanted PCT - Time Play
Normal Forward
1 - 35% - 35% - 17:43
2 - 27% - 30% - 13:54
3 - 14% - 22% - 7:13
4 - 24% - 13% - 12:04
Normal Defense
1 - 37% - 35% - 18:39
2 - 28% - 30% - 14:18
3 - 27% - 22% - 13:31
4 - 9% - 13% - 4:26
PP Forward
1 - 56% - 60% - 0:39
2 - 44% - 40% - 0:31
PP Defense
1 - 56% - 60% - 0:39
2 - 44% - 40% - 0:31
PK Forward
1 - 75% - 60% - 5:58
2 - 25% - 40% - 1:58
PK Defense
1 - 55% - 60% - 4:24
2 - 45% - 40% - 3:32
PK3 Forward
1 - 0% - 60%
2 - 0% - 40%
PK3 Defense
1 - 0% - 60%
2 - 0% - 40%
44 Forward
1 - 0% - 60%
2 - 0% - 40%
44 Defense
1 - 0% - 60%
2 - 0% - 40%
Last Minute Offensive  - 0:00
Last Minute Defensive  - 0:00
Total
Forward - 60:00
Defense - 60:00

Play by Play

1st period


0:01 of 1st period - Andrei Loktionov wins face-off versus Dominik Uher in neutral zone.
0:04 of 1st period - Slapshot by Keith Aulie.
0:04 of 1st period - Shot Blocked by Mark Barberio.
0:37 of 1st period - Snap shot by Andrei Loktionov.
0:37 of 1st period - Stopped by Aaron Dell with a rebound.
0:43 of 1st period - Minor Penalty to Mike Halmo for Hooking.
0:44 of 1st period - Dominik Uher wins face-off versus John Persson in Sharks zone.
1:15 of 1st period - Snap shot by Jesper Fast.
1:15 of 1st period - Shot Misses the Net.
1:46 of 1st period - Matt Puempel is hit by Marek Hrivik and loses puck.
2:04 of 1st period - Mark Barberio is hit by Eric Boulton and loses puck.
2:43 of 1st period - Penalty to Mike Halmo is over, Mike Halmo is back on ice.
3:31 of 1st period - Snap shot by Mike Halmo.
3:31 of 1st period - Shot Misses the Net.
3:33 of 1st period - Slapshot by Xavier Ouellet.
3:33 of 1st period - Shot Hit the Post.
5:41 of 1st period - Minor Penalty to Calle Jarnkrok for Hooking.
5:42 of 1st period - Dominik Uher wins face-off versus Eric Boulton in Rampage zone.
5:52 of 1st period - Slapshot by Mark Barberio.
5:52 of 1st period - Shot Misses the Net.
6:51 of 1st period - Slapshot by Mark Barberio.
6:51 of 1st period - Goal by Mark Barberio - Rampage : 0 - Sharks : 1.
6:52 of 1st period - Andy Andreoff wins face-off versus Martin Frk in neutral zone.
6:57 of 1st period - Wrist shot by Louis Leblanc.
6:57 of 1st period - Shot Misses the Net.
7:34 of 1st period - Mike Halmo is hit by Mikael Samuelsson and loses puck.
7:47 of 1st period - Slapshot by Ryan Hamilton.
7:47 of 1st period - Shot Blocked by John Persson.
7:53 of 1st period - Joey Mormina is hit by Matt Puempel and loses puck.
8:06 of 1st period - Wrist shot by Jesper Fast.
8:06 of 1st period - Deflect By Calle Jarnkrok.
8:06 of 1st period - Shot Blocked by Joey Mormina.
8:06 of 1st period - Puck is out of play.
8:07 of 1st period - Calle Jarnkrok wins face-off versus Louis Leblanc in Sharks zone.
9:08 of 1st period - Icing by Eric Boulton.
9:09 of 1st period - Dominik Uher wins face-off versus Calle Jarnkrok in Rampage zone.
9:16 of 1st period - Slapshot by Mark Barberio.
9:16 of 1st period - Shot Blocked by Martin Frk.
10:59 of 1st period - Slapshot by John Persson.
10:59 of 1st period - Stopped by Aaron Dell with a rebound.
11:41 of 1st period - Wrist shot by Calle Jarnkrok.
11:41 of 1st period - Deflect By Martin Frk.
11:41 of 1st period - Shot Misses the Net.
11:41 of 1st period - Puck is out of play.
11:42 of 1st period - Calle Jarnkrok wins face-off versus Bobby Farnham in Sharks zone.
11:46 of 1st period - Snap shot by Andrey Pedan.
11:46 of 1st period - Stopped by Aaron Dell with a rebound.
11:48 of 1st period - Slapshot by Calle Jarnkrok.
11:48 of 1st period - Shot Misses the Net.
11:59 of 1st period - Wrist shot by Bobby Farnham.
11:59 of 1st period - Stopped by Mike Murphy with a rebound.
12:07 of 1st period - Tom Kostopoulos is hit by Farm Player21 and loses puck.
12:34 of 1st period - Andrei Loktionov is hit by Mark Barberio and loses puck.
13:07 of 1st period - Wrist shot by Jesper Fast.
13:07 of 1st period - Shot Misses the Net.
13:13 of 1st period - Jesper Fast is hit by Andy Andreoff and loses puck.
15:01 of 1st period - Snap shot by Marek Hrivik.
15:01 of 1st period - Stopped by Mike Murphy with a rebound.
15:03 of 1st period - Snap shot by Marek Hrivik.
15:03 of 1st period - Goal by Marek Hrivik - Rampage : 0 - Sharks : 2.
15:04 of 1st period - Ryan Hamilton wins face-off versus Andrei Loktionov in neutral zone.
15:07 of 1st period - Slapshot by Mark Barberio.
15:07 of 1st period - Shot Misses the Net.
15:09 of 1st period - Snap shot by Mark Barberio.
15:09 of 1st period - Deflect By Tom Kostopoulos.
15:09 of 1st period - Stopped by Mike Murphy with a rebound.
15:47 of 1st period - Snap shot by Andy Andreoff.
15:47 of 1st period - Stopped by Mike Murphy without a rebound.
15:48 of 1st period - Andy Andreoff wins face-off versus Calle Jarnkrok in Rampage zone.
16:17 of 1st period - Xavier Ouellet is hit by Charles-Olivier Roussel and loses puck.
16:32 of 1st period - Backhand shot by Mark Barberio.
16:32 of 1st period - Deflect By Ryan Hamilton.
16:32 of 1st period - Shot Misses the Net.
16:32 of 1st period - Puck is out of play.
16:33 of 1st period - Bobby Farnham wins face-off versus Andrei Loktionov in Rampage zone.
16:36 of 1st period - Snap shot by Ryan Hamilton.
16:36 of 1st period - Shot Misses the Net.
17:18 of 1st period - Snap shot by Jesper Fast.
17:18 of 1st period - Shot Misses the Net.
17:20 of 1st period - Snap shot by Jesper Fast.
17:20 of 1st period - Stopped by Aaron Dell with a rebound.
17:54 of 1st period - Minor Penalty to Tom Kostopoulos for Holding.
17:55 of 1st period - Dominik Uher wins face-off versus John Persson in Sharks zone.
18:08 of 1st period - Off-side.
18:09 of 1st period - Dominik Uher wins face-off versus John Persson in neutral zone.
19:01 of 1st period - Xavier Ouellet is hit by Martin Frk and loses puck.
19:54 of 1st period - Penalty to Tom Kostopoulos is over, Tom Kostopoulos is back on ice.
Goals for this period are 0 for Rampage vs 2 for Sharks.
Shots for this period are 4 for Rampage vs 6 for Sharks.

2nd period


0:01 of 2nd period - Andy Andreoff wins face-off versus Eric Boulton in neutral zone.
0:18 of 2nd period - Slapshot by Louis Leblanc.
0:18 of 2nd period - Stopped by Mike Murphy with a rebound.
0:20 of 2nd period - Slapshot by Patrick McNeill.
0:20 of 2nd period - Shot Misses the Net.
0:22 of 2nd period - Snap shot by Xavier Ouellet.
0:22 of 2nd period - Shot Blocked by Keith Aulie.
0:30 of 2nd period - Wrist shot by Andy Andreoff.
0:30 of 2nd period - Deflect By Jesper Fast.
0:30 of 2nd period - Shot Blocked by Adam Almquist.
0:30 of 2nd period - Puck is out of play.
0:31 of 2nd period - Dominik Uher wins face-off versus Mikael Samuelsson in Rampage zone.
1:18 of 2nd period - Wrist shot by Calle Jarnkrok.
1:18 of 2nd period - Stopped by Aaron Dell with a rebound.
1:20 of 2nd period - Snap shot by Charles-Olivier Roussel.
1:20 of 2nd period - Shot Blocked by Joey Mormina.
1:22 of 2nd period - Snap shot by Jesper Fast.
1:22 of 2nd period - Stopped by Aaron Dell with a rebound.
1:38 of 2nd period - Snap shot by Jesper Fast.
1:38 of 2nd period - Deflect By Calle Jarnkrok.
1:38 of 2nd period - Shot Misses the Net.
1:38 of 2nd period - Puck is out of play.
1:39 of 2nd period - Bobby Farnham wins face-off versus Andrei Loktionov in Sharks zone.
1:39 of 2nd period - Bobby Farnham is hit by Matt Puempel.
2:21 of 2nd period - Xavier Ouellet is hit by Martin Frk and loses puck.
2:26 of 2nd period - Snap shot by Calle Jarnkrok.
2:26 of 2nd period - Shot Misses the Net.
2:37 of 2nd period - Icing by Andrey Pedan.
2:38 of 2nd period - Calle Jarnkrok wins face-off versus Dominik Uher in Rampage zone.
3:04 of 2nd period - Snap shot by Mike Halmo.
3:04 of 2nd period - Stopped by Mike Murphy without a rebound.
3:05 of 2nd period - Mikael Samuelsson wins face-off versus Louis Leblanc in Rampage zone.
3:43 of 2nd period - Michael Latta is hit by Eric Boulton and loses puck.
3:52 of 2nd period - Snap shot by Eric Boulton.
3:52 of 2nd period - Shot Misses the Net.
4:04 of 2nd period - Jesper Fast is hit by Mike Halmo and loses puck.
4:59 of 2nd period - Snap shot by Andy Andreoff.
4:59 of 2nd period - Stopped by Mike Murphy with a rebound.
5:13 of 2nd period - Mikael Samuelsson is hit by Louis Leblanc and loses puck.
5:46 of 2nd period - Minor Penalty to Joey Mormina for Holding Stick.
5:47 of 2nd period - Matt D'Agostini wins face-off versus Dominik Uher in Sharks zone.
5:47 of 2nd period - Wrist shot by Eric Boulton.
5:47 of 2nd period - Shot Blocked by Patrick McNeill.
5:59 of 2nd period - Snap shot by Matt D'Agostini.
5:59 of 2nd period - Shot Misses the Net.
6:01 of 2nd period - Slapshot by Nick Tuzzolino.
6:01 of 2nd period - Stopped by Aaron Dell with a rebound.
6:28 of 2nd period - Dominik Uher is hit by John Persson and loses puck.
6:42 of 2nd period - Icing by Adam Almquist.
6:43 of 2nd period - Eric Boulton wins face-off versus Marek Hrivik in Rampage zone.
7:05 of 2nd period - Off-side.
7:06 of 2nd period - Dominik Uher wins face-off versus John Persson in neutral zone.
7:12 of 2nd period - Backhand shot by Mark Barberio.
7:12 of 2nd period - Stopped by Mike Murphy with a rebound.
7:14 of 2nd period - Snap shot by Xavier Ouellet.
7:14 of 2nd period - Deflect By Adam Almquist.
7:14 of 2nd period - Stopped by Mike Murphy without a rebound.
7:15 of 2nd period - Tom Kostopoulos wins face-off versus John Persson in Rampage zone.
7:28 of 2nd period - Adam Almquist is hit by Xavier Ouellet and loses puck.
7:46 of 2nd period - Penalty to Joey Mormina is over, Joey Mormina is back on ice.
7:51 of 2nd period - Dominik Uher is hit by Eric Boulton and loses puck.
9:01 of 2nd period - Snap shot by Mike Halmo.
9:01 of 2nd period - Deflect By Michael Latta.
9:01 of 2nd period - Shot Blocked by Adam Almquist.
9:01 of 2nd period - Puck is out of play.
9:02 of 2nd period - Dominik Uher wins face-off versus Mikael Samuelsson in Rampage zone.
9:35 of 2nd period - Snap shot by Louis Leblanc.
9:35 of 2nd period - Shot Blocked by Mikael Samuelsson.
9:37 of 2nd period - Snap shot by Louis Leblanc.
9:37 of 2nd period - Shot Hit the Post.
9:39 of 2nd period - Snap shot by Marek Hrivik.
9:39 of 2nd period - Shot Blocked by Andrey Pedan.
9:51 of 2nd period - Minor Penalty to Dominik Uher for Slashing.
9:52 of 2nd period - Ryan Hamilton wins face-off versus Matt D'Agostini in Sharks zone.
10:03 of 2nd period - Mark Barberio is hit by Matt D'Agostini.
10:15 of 2nd period - Mark Barberio is hit by Farm Player21 and loses puck.
10:20 of 2nd period - Wrist shot by Eric Boulton.
10:20 of 2nd period - Stopped by Aaron Dell with a rebound.
10:32 of 2nd period - Wrist shot by Martin Frk.
10:32 of 2nd period - Stopped by Aaron Dell with a rebound.
10:34 of 2nd period - Wrist shot by John Persson.
10:34 of 2nd period - Shot Misses the Net.
10:36 of 2nd period - Slapshot by Martin Frk.
10:36 of 2nd period - Shot Blocked by Mark Barberio.
10:38 of 2nd period - Slapshot by Charles-Olivier Roussel.
10:38 of 2nd period - Deflect By John Persson.
10:38 of 2nd period - Shot Blocked by Joey Mormina.
10:38 of 2nd period - Puck is out of play.
10:39 of 2nd period - Mike Halmo wins face-off versus John Persson in Sharks zone.
11:40 of 2nd period - Patrick McNeill is hit by Adam Almquist and loses puck.
11:51 of 2nd period - Penalty to Dominik Uher is over, Dominik Uher is back on ice.
11:51 of 2nd period - Snap shot by Matt D'Agostini.
11:51 of 2nd period - Shot Blocked by Xavier Ouellet.
11:53 of 2nd period - Slapshot by Keith Aulie.
11:53 of 2nd period - Shot Blocked by Xavier Ouellet.
12:25 of 2nd period - Snap shot by Mike Halmo.
12:25 of 2nd period - Stopped by Mike Murphy with a rebound.
12:53 of 2nd period - Adam Almquist is hit by Tom Kostopoulos and loses puck.
13:19 of 2nd period - Icing by Bobby Farnham.
13:20 of 2nd period - Bobby Farnham wins face-off versus Eric Boulton in Sharks zone.
13:37 of 2nd period - Patrick McNeill is hit by Eric Boulton and loses puck.
14:52 of 2nd period - Wrist shot by Matt Puempel.
14:52 of 2nd period - Shot Misses the Net.
14:54 of 2nd period - Slapshot by Charles-Olivier Roussel.
14:54 of 2nd period - Deflect By Andrei Loktionov.
14:54 of 2nd period - Shot Blocked by Mike Halmo.
14:54 of 2nd period - Puck is out of play.
14:55 of 2nd period - Andrei Loktionov wins face-off versus Mike Halmo in Sharks zone.
15:39 of 2nd period - Tom Kostopoulos is hit by Adam Almquist and loses puck.
15:47 of 2nd period - Icing by Tom Kostopoulos.
15:48 of 2nd period - Mikael Samuelsson wins face-off versus Louis Leblanc in Sharks zone.
17:04 of 2nd period - Slapshot by Eric Boulton.
17:04 of 2nd period - Stopped by Aaron Dell with a rebound.
17:45 of 2nd period - Snap shot by Brendan Mikkelson.
17:45 of 2nd period - Shot Blocked by Charles-Olivier Roussel.
17:47 of 2nd period - Wrist shot by Mark Barberio.
17:47 of 2nd period - Shot Misses the Net.
17:51 of 2nd period - Slapshot by Mark Barberio.
17:51 of 2nd period - Shot Blocked by Charles-Olivier Roussel.
17:53 of 2nd period - Slapshot by Mark Barberio.
17:53 of 2nd period - Deflect By Brendan Mikkelson.
17:53 of 2nd period - Shot Misses the Net.
17:53 of 2nd period - Puck is out of play.
17:54 of 2nd period - Louis Leblanc wins face-off versus Calle Jarnkrok in Rampage zone.
19:11 of 2nd period - Brendan Mikkelson is hit by Jesper Fast.
19:18 of 2nd period - Snap shot by Jesper Fast.
19:18 of 2nd period - Stopped by Aaron Dell without a rebound.
19:19 of 2nd period - Martin Frk wins face-off versus Andy Andreoff in Sharks zone.
19:48 of 2nd period - John Persson is hit by Mike Halmo and loses puck.
Goals for this period are 0 for Rampage vs 0 for Sharks.
Shots for this period are 7 for Rampage vs 6 for Sharks.

3rd period


0:01 of 3rd period - Andy Andreoff wins face-off versus Matt D'Agostini in neutral zone.
0:14 of 3rd period - Snap shot by Andy Andreoff.
0:14 of 3rd period - Shot Misses the Net.
0:28 of 3rd period - Wrist shot by Andy Andreoff.
0:28 of 3rd period - Shot Blocked by Keith Aulie.
0:30 of 3rd period - Snap shot by Andy Andreoff.
0:30 of 3rd period - Shot Misses the Net.
0:32 of 3rd period - Backhand shot by Patrick McNeill.
0:32 of 3rd period - Shot Misses the Net.
0:34 of 3rd period - Snap shot by Xavier Ouellet.
0:34 of 3rd period - Deflect By Jesper Fast.
0:34 of 3rd period - Stopped by Mike Murphy with a rebound.
0:36 of 3rd period - Backhand shot by Xavier Ouellet.
0:36 of 3rd period - Stopped by Mike Murphy with a rebound.
0:53 of 3rd period - Michael Latta and Andrey Pedan fight to a draw.
0:53 of 3rd period - Penalty to Michael Latta for Fighting.
0:53 of 3rd period - Penalty to Andrey Pedan for Fighting.
0:54 of 3rd period - Dominik Uher wins face-off versus Andrei Loktionov in neutral zone.
0:57 of 3rd period - Backhand shot by Mark Barberio.
0:57 of 3rd period - Shot Blocked by Adam Almquist.
0:59 of 3rd period - Slapshot by Mark Barberio.
0:59 of 3rd period - Deflect By Mike Halmo.
0:59 of 3rd period - Shot Misses the Net.
0:59 of 3rd period - Puck is out of play.
1:00 of 3rd period - Dominik Uher wins face-off versus Andrei Loktionov in Rampage zone.
1:29 of 3rd period - Slapshot by Mark Barberio.
1:29 of 3rd period - Goal by Mark Barberio - Rampage : 0 - Sharks : 3.
1:30 of 3rd period - Louis Leblanc wins face-off versus Jesper Fast in neutral zone.
1:33 of 3rd period - Wrist shot by Patrick McNeill.
1:33 of 3rd period - Goal by Patrick McNeill - Rampage : 0 - Sharks : 4.
1:33 of 3rd period - Matt Hackett enters game.
1:34 of 3rd period - Louis Leblanc wins face-off versus Matt D'Agostini in neutral zone.
1:37 of 3rd period - Slapshot by Patrick McNeill.
1:37 of 3rd period - Stopped by Matt Hackett with a rebound.
1:55 of 3rd period - Snap shot by Jesper Fast.
1:55 of 3rd period - Shot Blocked by Louis Leblanc.
1:57 of 3rd period - Snap shot by Adam Almquist.
1:57 of 3rd period - Stopped by Aaron Dell with a rebound.
1:59 of 3rd period - Wrist shot by Matt D'Agostini.
1:59 of 3rd period - Shot Misses the Net.
2:01 of 3rd period - Slapshot by Keith Aulie.
2:01 of 3rd period - Shot Blocked by Patrick McNeill.
2:03 of 3rd period - Snap shot by Jesper Fast.
2:03 of 3rd period - Shot Blocked by Patrick McNeill.
2:05 of 3rd period - Slapshot by Adam Almquist.
2:05 of 3rd period - Stopped by Aaron Dell with a rebound.
2:07 of 3rd period - Wrist shot by Jesper Fast.
2:07 of 3rd period - Rampage goal is going for a video replay.
2:07 of 3rd period - The goal is good.
2:07 of 3rd period - Goal by Jesper Fast - Rampage : 1 - Sharks : 4.
2:08 of 3rd period - Andrei Loktionov wins face-off versus Mike Halmo in neutral zone.
3:10 of 3rd period - Andy Andreoff is hit by Martin Frk.
3:26 of 3rd period - Mike Halmo is hit by Jesper Fast and loses puck.
5:39 of 3rd period - Slapshot by Ryan Hamilton.
5:39 of 3rd period - Shot Misses the Net.
5:45 of 3rd period - Mark Barberio is hit by Eric Boulton and loses puck.
6:09 of 3rd period - Snap shot by Mike Halmo.
6:09 of 3rd period - Shot Misses the Net.
7:15 of 3rd period - Off-side.
7:16 of 3rd period - Dominik Uher wins face-off versus Andrei Loktionov in neutral zone.
8:49 of 3rd period - Slapshot by Matt D'Agostini.
8:49 of 3rd period - Shot Misses the Net.
8:51 of 3rd period - Slapshot by Andrei Loktionov.
8:51 of 3rd period - Shot Misses the Net.
8:55 of 3rd period - Snap shot by Matt D'Agostini.
8:55 of 3rd period - Shot Misses the Net.
8:57 of 3rd period - Snap shot by Andrei Loktionov.
8:57 of 3rd period - Deflect By Eric Boulton.
8:57 of 3rd period - Stopped by Aaron Dell with a rebound.
9:48 of 3rd period - Icing by Michael Latta.
9:49 of 3rd period - Andrei Loktionov wins face-off versus Dominik Uher in Sharks zone.
9:50 of 3rd period - Snap shot by Matt Puempel.
9:50 of 3rd period - Stopped by Aaron Dell with a rebound.
10:02 of 3rd period - Adam Almquist is hit by Michael Latta and loses puck.
10:25 of 3rd period - Snap shot by Ryan Hamilton.
10:25 of 3rd period - Stopped by Matt Hackett without a rebound.
10:26 of 3rd period - Bobby Farnham wins face-off versus Mikael Samuelsson in Rampage zone.
11:32 of 3rd period - Ryan Hamilton is hit by Farm Player21 and loses puck.
13:03 of 3rd period - Slapshot by Calle Jarnkrok.
13:03 of 3rd period - Stopped by Aaron Dell with a rebound.
13:26 of 3rd period - Ryan Hamilton is hit by Eric Boulton and loses puck.
14:47 of 3rd period - Eric Boulton is hit by Mike Halmo and loses puck.
15:10 of 3rd period - Michael Latta is hit by Matt D'Agostini and loses puck.
15:35 of 3rd period - Wrist shot by Brendan Mikkelson.
15:35 of 3rd period - Stopped by Matt Hackett with a rebound.
15:37 of 3rd period - Slapshot by Brendan Mikkelson.
15:37 of 3rd period - Shot Misses the Net.
15:39 of 3rd period - Wrist shot by Brendan Mikkelson.
15:39 of 3rd period - Stopped by Matt Hackett with a rebound.
15:41 of 3rd period - Wrist shot by Brendan Mikkelson.
15:41 of 3rd period - Stopped by Matt Hackett with a rebound.
15:55 of 3rd period - Matt D'Agostini is hit by Louis Leblanc and loses puck.
16:20 of 3rd period - John Persson is hit by Tom Kostopoulos and loses puck.
16:31 of 3rd period - Wrist shot by Ryan Hamilton.
16:31 of 3rd period - Shot Blocked by John Persson.
16:55 of 3rd period - Calle Jarnkrok is hit by Mike Halmo.
17:18 of 3rd period - Off-side.
17:19 of 3rd period - Farm Player14 wins face-off versus Calle Jarnkrok in neutral zone.
17:22 of 3rd period - Slapshot by Patrick McNeill.
17:22 of 3rd period - Shot Blocked by Eric Boulton.
17:53 of 3rd period - Icing by Andy Andreoff.
17:54 of 3rd period - Andy Andreoff wins face-off versus Calle Jarnkrok in Sharks zone.
18:03 of 3rd period - Snap shot by Andy Andreoff.
18:03 of 3rd period - Shot Misses the Net.
18:11 of 3rd period - Jesper Fast is hit by Tom Kostopoulos and loses puck.
18:38 of 3rd period - Adam Almquist is hit by Bobby Farnham and loses puck.
19:00 of 3rd period - Matt Puempel is hit by Michael Latta and loses puck.
19:26 of 3rd period - Tim Miller is hit by Louis Leblanc and loses puck.
19:51 of 3rd period - Slapshot by Andrei Loktionov.
19:51 of 3rd period - Shot Blocked by Wade Brookbank.
Goals for this period are 1 for Rampage vs 2 for Sharks.
Shots for this period are 6 for Rampage vs 9 for Sharks.


Output by the SimonT Hockey Simulator (STHS) for Eric Dolegowski -- Original Page W3C XHTML 1.0 Valid
Hockey Simulator - Hockey Simulation - Hockey Manager